cohdb
Replays
Latest Replays
All Replays
Popular Replays
Top Player Replays
Match Explorer
How It Works
Community
CoH3 Stats
Reddit
Sign in to upload your games and track your stats! →
Sign in with Steam
Match 47473662
Unlisted
Match 47473662
Overview
Messages
Build Orders
End
Construct Barracks
Selects Armored Battlegroup
Selects Assault Engineers
Assault Engineer Squad
Riflemen Squad
1⁄4-ton 4x4 Truck
Riflemen Squad
Grenade Package
Selects Fast Deploy
Construct Medical Station
Construct Weapon Support Center
M1919 Machine Gun Team
M1 Mortar Team
Air Support Center
Mathinator
Henk
water
It's Takotime
Rensesus
Королева PizdаliSov
Freakdog
Green Sea Squash
0
0
Comments
sign in to comment!
No comments posted yet!